cohdb
Replays
Latest Replays
All Replays
Popular Replays
Top Player Replays
Match Explorer
How It Works
Community
CoH3 Stats
Reddit
Sign in to upload your games and track your stats! →
Sign in with Steam
Match 44722306
Unlisted
Match 44722306
Overview
Messages
Build Orders
End
Construct Barracks
Riflemen Squad
Riflemen Squad
Riflemen Squad
Grenade Package
Infantry Support Center
Construct Weapon Support Center
M1919 Machine Gun Team
Construct Medical Station
M3 Armored Personnel Carrier
M1918 Browning Automatic Rifles
Engineer Squad
Construct Motor Pool
Bazooka Squad
M24 Chaffee Light Tank
Riflemen Squad
M24 Chaffee Light Tank
Genki
camkool
Mike
blah
0
0
Comments
sign in to comment!
No comments posted yet!